 Dungeon Crawl Stone Soup version 0.18.1-48-g4cf74bf (webtiles) character file.

60 Heedrag the Conjurer (level 3, 0/19 HPs)
             Began as a Deep Elf Conjurer on Sept 1, 2016.
             Was an Initiate of Vehumet.
             Slain by a goblin
             ... wielding a +0 dagger
             ... led by Robin
              (6 damage)
             ... on level 2 of the Dungeon.
             The game lasted 00:03:24 (1444 turns).

Heedrag the Conjurer (Deep Elf Conjurer)            Turns: 1444, Time: 00:03:25

Health: 0/19       AC:  3    Str: 11    XL:     3   Next: 80%
Magic:  9/10       EV:  8    Int: 19    God:    Vehumet [......]
Gold:   30         SH:  0    Dex: 15    Spells: 1 memorised, 9 levels left

rFire  . . .     SeeInvis +     (no weapon)
rCold  . . .     Gourm    .     a - +0 robe
rNeg   . . .     Faith    .     (no shield)
rPois  .         Spirit   .     (no helmet)
rElec  .         Dismiss  .     (no cloak)
rCorr  .         Reflect  .     n - +0 pair of gloves
SustAt .         Harm     .     (no boots)
MR     .....                    (no amulet)
Stlth  ++........               q - +5 ring of strength
                                h - ring of see invisible

@: not resistant to hostile enchantments, unstealthy
A: no striking features
a: Renounce Religion


You were on level 2 of the Dungeon.
You worshipped Vehumet.
Vehumet was noncommittal.
You were not hungry.

You visited 1 branch of the dungeon, and saw 2 of its levels.

You collected 30 gold pieces.

Inventory:

Missiles
 p - 5 curare-tipped needles
Armour
 a - a +0 robe (worn)
 n - a +0 pair of gloves (worn)
Jewellery
 h - a ring of see invisible (left hand)
 q - a +5 ring of strength (right hand)
Scrolls
 e - a scroll of amnesia {unknown}
 g - a scroll of remove curse {unknown}
 i - 2 scrolls of enchant weapon {unknown}
 j - 2 scrolls of identify {unknown}
 k - 2 scrolls of recharging {unknown}
 o - a scroll of noise {unknown}
Potions
 l - 2 potions of brilliance {unknown}
 m - a potion of mutation {unknown}
Books
 b - a book of Conjurations

   Spells                             Type                      Level
   a - Magic Dart                     Conjuration                  1
   b - Searing Ray                    Conjuration                  2
   c - Dazzling Spray                 Conjuration/Hexes            3
   d - Fulminant Prism                Conjuration/Hexes            4
   e - Iskenderun's Mystic Blast      Conjuration                  4
   f - Iskenderun's Battlesphere      Conjuration/Charms           5
Comestibles
 c - 2 bread rations
 d - a chunk of flesh
 f - a beef jerky


   Skills:
 - Level 2.4 Dodging
 - Level 2.4 Stealth
 + Level 4.2 Spellcasting
 * Level 5.4 Conjurations


You had 9 spell levels left.
You knew the following spells:

 Your Spells              Type           Power        Failure   Level  Hunger
a - Magic Dart            Conj           ###.         1%          1    None


Dungeon Overview and Level Annotations

Branches:
Dungeon (2/15)

Altars:
Vehumet

Annotations:
D:2 Robin


Message History

Robin throws tha goblin at ye!
* * * LOW HITPOINT WARNIN'
* * * Tha goblin nay longer looks unusu'lly strong.
Robin roars a battlecry!
Tha goblin goes inta a battle-frenzy!
Robin points. "Kill!"
Thar be an 'scape hatch in tha floor 'ere.
Tha goblin nay longer looks unusu'lly strong.
Robin roars a battlecry!
Tha goblin goes inta a battle-frenzy!
Robin says, "Feelin' lonely?"
Ye cannae go up 'ere!
Tha goblin nay longer looks unusu'lly strong.
Tha goblin hits ye but does nay damage.
Robin roars a battlecry!
Tha goblin goes inta a battle-frenzy!
Thar be a stone staircase leadin' up 'ere.
Thar be an 'scape hatch in tha ceilin' 'ere.
Tha goblin hits ye wit' a dagger.
Ye die...

###.#.###..<####...####
#................#.#
#.###.###...####...#
#.# #.##..........##
#.# #..##.#.####..####
#.# ##<##............#
#.####g##.#.####.g##.#
#.....g..............##
#.####@###..####.......
#.# #.# . # ##.###.##
#.# #.# #..# #.# #.#
#.# #.## #.# #.####.# #
#.# #.# #...##.# #.
###.## #.#
#.#.##.###..##...###.#
#...........#.#.#.##.#
###.##.####..........#


You could see Robin and a goblin.

Vanquished Creatures
  An adder (D:2)
  An ooze (D:1)
  2 dart slugs (D:1)
  A giant gecko (D:1)
  6 bats
  7 giant cockroaches
  7 goblins
  6 hobgoblins
  A ball python (D:2)
  A giant newt (D:1)
  A kobold (D:2)
  4 rats
38 creatures vanquished.

Notes
Turn   | Place    | Note
--------------------------------------------------------------
     0 | D:1      | Heedrag the Deep Elf Conjurer began the quest for the Orb.
     0 | D:1      | Reached XP level 1. HP: 10/10 MP: 6/6
   148 | D:1      | Reached XP level 2. HP: 12/15 MP: 5/8
   442 | D:1      | Reached skill level 5 in Conjurations
   546 | D:1      | Reached XP level 3. HP: 19/19 MP: 6/10
  1100 | D:2      | Found a radiant altar of Vehumet.
  1117 | D:2      | Became a worshipper of Vehumet
  1314 | D:2      | Noticed Robin
  1444 | D:2      | Slain by a goblin

Skill      XL: |  1  2  3 |
---------------+----------+-----
Conjurations   | 5 |  5.4
Spellcasting   | 4 |  4.2
Dodging        | |  2.4
Stealth        | |  2.4

Action                   || total
-------------------------++-------
Melee: Unarmed           ||     4
 Cast: Magic Dart        ||    75
  Eat: Chunk             ||     1
Armor: Robe              ||     7
Dodge: Dodged            ||    15
